woodfighter, chaotic female orcish Cavewoman ------ ------ |....---....| |.`.`.|.....| ---.......|.| |...--u`|.| |---|(.@|.| --...|_..|.| |........|.| |..`.|.f%|.-- |..`------..| |..>|<^^^^..| ------------- woodfighter the Young Cave Woman Experience level: 6 Strength: 18/01 Dexterity: 15 Constitution: 18 Intelligence: 10 Wisdom: 7 Charisma: 7 Health: 0(57) Energy: 16(16) Def: 14 Gold: 0 Moves: 4581 Dungeon seed: HArHiMuhyRaUzxUa Game ID: woodfighter_1500409668 Your Inventory: Weapons a - a +1 club (weapon in hand) b - a +2 sling (alternate weapon; not wielded) Armor l - an uncursed +1 pair of gauntlets of dexterity (being worn) n - a blessed +1 pair of high boots (being worn) X - an uncursed +0 dwarvish mithril-coat (being worn) Y - an uncursed +0 cloak of protection (being worn) Comestibles c - 2 uncursed tins of jackal meat d - an uncursed mango z - an uncursed tin of cave spider meat A - an uncursed eucalyptus leaf L - a blessed tin of rock piercer meat O - an uncursed fortune cookie Z - an uncursed lizard corpse Rings m - an uncursed ring of poison resistance Wands N - a wand of enlightenment (0:9) Q - a wand of magic missile (0:6) U - a wand of digging (0:3) Gems e - 5 uncursed flints (in quiver) Spells and supernatural/magical abilities: Name Level Category Fail Memory R - restore ability 4 healing 100% 99% W - pray for help -- divine ? -- Your skills at the end: Miscellaneous Skills bare handed combat [Basic] Weapon Skills scimitar [Basic] club [Skilled] sling [Basic] Spellcasting Skills Final Attributes: You were piously aligned. You were poison resistant. Your writing hand was ok. You had infravision. You were very stealthy. You were protected. You are dead. Vanquished creatures: 3 lizards an owlbear a gold golem a baby crocodile a shrieker a gnome lord a red naga hatchling a paper golem a floating eye a kobold lord 2 iguanas 2 rothes 2 rabid rats 2 giant bats 8 dwarf zombies 5 coyotes a gas spore a large kobold 4 geckos a cave spider a yellow mold a green mold 2 gnomes 12 jackals a kobold 5 newts a sewer rat 7 grid bugs 6 lichens a kobold zombie 77 creatures vanquished. Voluntary challenges: You did not cause conflict. You were not invisible. You did not have reflection. You were not displaced. You had been an atheist until turn 3979. You used a wielded weapon 107 times, starting on turn 8. You did not apply a unicorn horn. You did not use plumbed fixtures. You did not drink any magical draughts. You read items or engraved 16 times, starting on turn 3977. You never genocided any monsters. You never polymorphed an object. You never changed form. You used no wishes. You never split a pudding. You never wrote Elbereth's name. You never violated your personal moral code. Dungeon overview: The Dungeons of Doom: levels 1 to 9 Level 1 (locked) a fountain a long staircase Level 2 (locked) a fountain stairs to The Gnomish Mines Level 3 (vault) Level 4 Level 5 a sink Level 6 (locked) a fountain Level 7 some fountains Level 8 many fountains Level 9 a sink stairs to Sokoban The Gnomish Mines: Level 3 stairs to The Dungeons of Doom Sokoban: Level 8 <- You were here an altar to Moloch, a magic chest stairs to The Dungeons of Doom History has recorded: On T:1 you entered the Dungeons of Doom to retrieve the Amulet of Yendor! On T:108 you reached level 2 of The Dungeons of Doom. On T:403 you advanced to experience level 2. On T:742 you reached level 1 of The Gnomish Mines. On T:796 you advanced to experience level 3. On T:873 you reached level 3 of The Dungeons of Doom. On T:1226 you reached level 4 of The Dungeons of Doom. On T:1293 you reached level 5 of The Dungeons of Doom. On T:1732 you advanced to experience level 4. On T:2145 you reached level 6 of The Dungeons of Doom. On T:2308 you reached level 7 of The Dungeons of Doom. On T:2495 you advanced to experience level 5. On T:2677 you reached level 8 of The Dungeons of Doom. On T:3123 you advanced to experience level 6. On T:3425 you reached level 9 of The Dungeons of Doom. On T:3766 you reached level 4 of Sokoban. On T:3969 you opened a magic chest. Score breakdown: Gold: 0 ( 0 points) Experience: 6 levels ( 500 points) Exploration: 9 levels ( 240 points) Discoveries: 13 items ( 650 points) Variety of kills: 30 monsters ( 1500 points) Major goal: (nothing yet) ( 0 points) Survival: died (score multiplied by 3) Total score: 8670 Latest messages: You take off your moonstone ring. With great effort you move the boulder. You see here a mango. You finish searching. You hear a door open. The large cat picks up a mango. The large cat drops a mango. The large cat picks up a mango. With great effort you move the boulder. The large cat drops a mango. With great effort you move the boulder. The white unicorn butts! The white unicorn just misses! The white unicorn butts! The white unicorn misses. You hit the white unicorn! The white unicorn butts! The white unicorn kicks! The white unicorn butts! The white unicorn kicks! You hit the white unicorn! The white unicorn butts! The white unicorn kicks! The white unicorn butts! You die... Final status: Goodbye woodfighter the Cavewoman, killed by a white unicorn... You died in Sokoban on dungeon level 8 with 8670 points, and 0 pieces of gold, after 4581 moves. You were level 6 with a maximum of 57 hit points when you died.